 Dungeon Crawl Stone Soup version 0.24.0-13-gcf9b319 (webtiles) character file.

Game seed: 10462952132068698624, levelgen mode: deterministic

13416 Balder the Blocker (level 11, -11/85 HPs)
             Began as a Minotaur Fighter on Jan 2, 2020.
             Was a Priest of Hepliaklqana.
             Killed from afar by a deep elf mage (35 damage)
             ... with a bolt of negative energy
             ... on level 12 of the Dungeon on Jan 9, 2020.
             The game lasted 01:06:50 (10514 turns).

Balder the Blocker (Minotaur Fighter)              Turns: 10514, Time: 01:06:51

Health: -11/85     AC: 20    Str: 20    XL:     11   Next: 75%
Magic:  13/13      EV:  6    Int:  5    God:    Hepliaklqana [***...]
Gold:   637        SH: 20    Dex: 14    Spells: 10/10 levels left

rFire    . . .     SeeInvis .   b - +9 rapier "Demon's Bane" {holy, Stlth+}
rCold    . . .     Gourm    .   B - +3 large shield
rNeg     . . .     Faith    +   M - +2 plate armour
rPois    .         Spirit   .   (helmet restricted)
rElec    .         Reflect  .   (no cloak)
rCorr    .         Harm     .   S - +2 pair of gloves
MR       .....                  r - +0 pair of boots
Stlth    ..........             y - amulet of faith
HPRegen  0.24/turn              T - ring of stealth
MPRegen  0.13/turn              (no ring)

@: about to teleport, drained
A: retaliatory headbutt, reduced essence, horns 2
a: Recall Ancestor, Ancestor Identity, Transference, Renounce Religion


You were on level 12 of the Dungeon.
You worshipped Hepliaklqana.
Hepliaklqana was most pleased with you.
You were not hungry.

You visited 2 branches of the dungeon, and saw 13 of its levels.

You collected 637 gold pieces.

Inventory:

Hand Weapons
 a - a +5 scimitar of freezing
 b - the +9 rapier "Demon's Bane" (weapon) {holy, Stlth+}
   (You found it on level 7 of the Dungeon)

   It has been blessed by the Shining One to cause great damage to the undead
   and demons.
   It makes you more stealthy.
 k - a +3 war axe
 C - a +0 broad axe
 F - a +0 mace of protection
 L - a +2 whip of draining
 P - the +8 halberd "Xapp" {speed, rC++, unknown}
   (You found it on level 8 of the Dungeon)

   Attacks with this weapon are significantly faster.
   It greatly protects you from cold.
 Q - a +1 long sword of slicing
 V - a +2 war axe of freezing
 W - a +4 falchion
Missiles
 g - 13 boomerangs (quivered)
Armour
 r - a +0 pair of boots (worn)
 B - a +3 large shield (worn)
 M - a +2 plate armour (worn)
 S - a +2 pair of gloves (worn)
Magical Staves
 I - an uncursed staff of cold {unknown}
 N - an uncursed staff of cold {unknown}
Jewellery
 c - an uncursed amulet of harm
 m - an uncursed ring of protection from magic {unknown}
 p - a +4 ring of intelligence
 y - an amulet of faith (around neck)
 A - an uncursed ring of fire
 R - an uncursed amulet of the acrobat {unknown}
 T - a ring of stealth (left hand)
Wands
 J - a wand of enslavement (7)
 K - a wand of flame (39)
Scrolls
 d - 2 scrolls of remove curse
 i - 4 scrolls of magic mapping
 o - a scroll of fog
 q - 2 scrolls of noise {unknown}
 s - a scroll of random uselessness {unknown}
 t - 3 scrolls of enchant weapon
 w - 3 scrolls of teleportation
 x - 2 scrolls of blinking
 U - 2 scrolls of fear
Potions
 e - 2 potions of flight {unknown}
 h - 3 potions of degeneration {unknown}
 l - 2 potions of invisibility {unknown}
 n - a potion of cancellation {unknown}
 u - 2 potions of ambrosia {unknown}
 v - a potion of berserk rage {unknown}
 D - 2 potions of agility
 G - 5 potions of haste {unknown}
 H - a potion of lignification {unknown}
 O - a potion of heal wounds
Comestibles
 f - 11 rations
 z - 4 chunks of flesh


   Skills:
 * Level 8.3(7.6) Fighting
 - Level 6.5(6.2) Short Blades
 * Level 3.6(5.2) Long Blades
 * Level 9.2(8.5) Maces & Flails
 * Level 5.9(5.2) Throwing
 * Level 9.1(8.4) Armour
 * Level 6.0(5.3) Dodging
 + Level 0.4(0.0) Stealth
 * Level 11.4(10.6) Shields
 * Level 4.5(3.9) Invocations
 + Level 0.6(0.0) Evocations


You had 10 spell levels left.
You didn't know any spells.
Your spell library contained the following spells:

 Spells                   Type           Power        Failure   Level  Hunger
 Animate Skeleton         Necr           N/A          100%        1    ##.....
 Apportation              Tloc           #.....       100%        1    ##.....
 Confusing Touch          Hex            #.....       100%        1    ##.....
 Summon Small Mammal      Summ           #...         100%        1    ##.....


Dungeon Overview and Level Annotations

Branches:
Dungeon (13/15)            Temple (1/1) D:5          Vaults (0/5) D:13
   Lair: D:8-11         Orc: D:9-12

Altars:
Ashenzari
Cheibriados
Dithmenos
Elyvilon
Fedhas
Gozag
Hepliaklqana
Kikubaaqudgha
Makhleb
Nemelex Xobeh
Okawaru
Qazlal
Ru
Sif Muna
Trog
Uskayaw
Vehumet
Wu Jian
Xom
Yredelemnul
Zin
The Shining One
Beogh
Jiyva

Shops:
D:8 [   D:9 (

Annotations:
D:6 3 runed translucent doors, Aeroq's ghost, amateur DrCj
D:9 3 runed translucent doors, Xiscapia's ghost, journeyman KoBe
D:12 Maurice; Nessos


Innate Abilities, Weirdness & Mutations

You reflexively headbutt those who attack you in melee.
You have a pair of horns on your head.
Your life essence is reduced to manifest your ancestor. (-10% HP)


Message History

The deep elf mage mumbles some strange words.
The deep elf mage blinks!
You see here 3 arrows.
You puncture Maurice! You headbutt Maurice.
Maurice is moderately wounded.
Nessos blinks! x2
Maurice mumbles some strange words.
Maurice flickers and vanishes!
Deactivating autopickup; reactivate with Ctrl-A.
Unknown command.
As you read the scroll of teleportation, it crumbles to dust.
You feel strangely unstable.
Nessos blinks! x3; You block something's attack.
As you read the scroll of fog, it crumbles to dust.
The scroll dissolves into smoke.
You hear some strange, mumbled words.
You miss something.
The deep elf mage points at you and mumbles some strange words.
The bolt of negative energy hits something!!
The bolt of negative energy hits you!!
You feel drained.
You die...

........
@O....##
...... ....#
... #.#
##e########
#§.(({@§..#
#..######c#
#..# #.#
#..######.#
#...÷.....#
#.........#
#.........#
#.........#
#..######.##


You could see Nessos and a deep elf mage.

Vanquished Creatures
  3 two-headed ogres (D:13)
  A centaur warrior (D:13)
  An ogre mage (D:13)
  Nergalle (D:10)
  An unseen horror (D:9)
  A cyclops (D:13)
  A centaur skeleton (D:10)
  A troll (D:12)
  2 slime creatures (D:13)
  A hippogriff (D:10)
  A wyvern (D:8)
  10 yaks
  A hungry ghost (D:10)
  An ice beast (D:10)
  2 orc warriors (D:10)
  6 ogres
  2 centaurs
  2 crocodiles
  3 bullfrogs
  A wyvern skeleton (D:8)
  3 scorpions
  5 wights
  5 killer bees (D:8)
  2 howler monkeys
  6 crimson imps
  A centaur zombie (D:9)
  6 hounds
  4 orc priests
  A jelly (D:5)
  A gnoll shaman (D:5)
  3 iguanas
  10 orc wizards
  8 worker ants
  A killer bee zombie (D:8)
  A hound zombie (D:8)
  8 gnolls
  4 adders
  An ooze (D:1)
  2 adder skeletons
  A worm (D:4)
  3 dart slugs
  4 leopard geckos
  47 orcs
  3 giant cockroaches
  9 goblins
  7 hobgoblins
  15 jackals
  3 quokkas
  9 bats
  8 frilled lizards
  11 kobolds
  A quokka skeleton (D:9)
  6 rats
241 creatures vanquished.

Vanquished Creatures (collateral kills)
  Frances (D:12)
  A slime creature (D:13)
  A yak (D:13)
  An orc warrior (D:9)
  A sky beast (D:13)
  2 centaurs
  An ogre (D:10)
  2 big kobolds
  2 howler monkeys (D:10)
  A wight (D:10)
  A crimson imp (D:13)
  2 orc priests
  An orc wizard (D:8)
  A gnoll (D:7)
  An adder skeleton (D:10)
  An adder zombie (D:9)
  5 orcs
  A giant cockroach (D:8)
  A kobold (D:10)
27 creatures vanquished.

Vanquished Creatures (others)
  6 hexers
  2 ancestors
  16 plants
24 creatures vanquished.

Grand Total: 292 creatures vanquished

Notes
Turn   | Place    | Note
-------+----------+-------------------------------------------
     0 | D:1      | Balder the Minotaur Fighter began the quest for the Orb.
     0 | D:1      | Reached XP level 1. HP: 19/19 MP: 0/0
    74 | D:1      | Found a viscous altar of Jiyva.
    74 | D:1      | Noticed a jelly
    74 | D:1      | Noticed a jelly
    74 | D:1      | Noticed a jelly
    75 | D:1      | Noticed a jelly
    75 | D:1      | Noticed a jelly
   233 | D:1      | Reached XP level 2. HP: 27/27 MP: 1/1
   337 | D:1      | Reached skill level 4 in Shields
   368 | D:1      | Reached XP level 3. HP: 33/33 MP: 2/2
   934 | D:2      | Reached XP level 4. HP: 25/40 MP: 3/3
  1879 | D:3      | Found a shattered altar of Ashenzari.
  2533 | D:4      | Found a shimmering altar of Xom.
  2571 | D:4      | Reached skill level 5 in Maces & Flails
  2571 | D:4      | Reached skill level 1 in Dodging
  2571 | D:4      | Reached XP level 5. HP: 26/46 MP: 4/4
  2653 | D:4      | Noticed an ogre
  2663 | D:4      | Killed an ogre
  2663 | D:4      | Reached skill level 1 in Throwing
  2663 | D:4      | Reached XP level 6. HP: 33/52 MP: 5/5
  2958 | D:4      | Found a white marble altar of Elyvilon.
  2983 | D:4      | Reached skill level 5 in Shields
  3210 | D:4      | Found an ancient bone altar of Kikubaaqudgha.
  3290 | D:5      | Entered Level 5 of the Dungeon
  3336 | D:5      | Reached XP level 7. HP: 56/59 MP: 6/6
  3525 | D:5      | Found a shimmering blue altar of Sif Muna.
  3710 | D:5      | Found a radiant altar of Vehumet.
  3744 | D:5      | Found a staircase to the Ecumenical Temple.
  3760 | Temple   | Entered the Ecumenical Temple
  4061 | D:5      | Reached skill level 5 in Armour
  4609 | D:6      | Found a runed translucent gate.
  4610 | D:6      | Found a runed translucent gate.
  4611 | D:6      | Found a runed translucent gate.
  4616 | D:6      | Noticed Aeroq's ghost (amateur DrCj)
  5041 | D:6      | Found a blossoming altar of Fedhas.
  5368 | D:7      | Found a glowing golden altar of the Shining One.
  5443 | D:7      | Reached skill level 5 in Fighting
  5816 | Temple   | Became a worshipper of Hepliaklqana the Forgotten
  5902 | D:7      | Found a shadowy altar of Dithmenos.
  5965 | D:7      | Got a steaming rapier
  5970 | D:7      | Identified the +9 rapier "Demon's Bane" {holy, Stlth+} (You
                  | found it on level 7 of the Dungeon)
  6003 | D:7      | Reached XP level 8. HP: 59/61 MP: 7/7
  6264 | D:8      | Reached skill level 6 in Shields
  6317 | D:8      | Reached skill level 1 in Short Blades
  6317 | D:8      | Reached skill level 1 in Invocations
  6437 | D:8      | Reached skill level 7 in Shields
  6663 | D:8      | Reached XP level 9. HP: 54/66 MP: 9/9
  6676 | D:8      | Got a steaming halberd
  6689 | D:8      | You fall into a shaft and drop 1 floor!
  6824 | D:9      | Found a basalt altar of Yredelemnul.
  6844 | D:9      | Reached * piety under Hepliaklqana
  6858 | D:9      | Found a runed translucent gate.
  6858 | D:9      | Found a runed translucent gate.
  6864 | D:9      | Found a runed translucent gate.
  6865 | D:9      | Noticed a freezing wraith
  6867 | D:9      | Noticed Xiscapia's ghost (journeyman KoBe)
  7775 | D:8      | Found Fimaob's Antique Armour Shoppe.
  7781 | D:8      | Reached skill level 8 in Shields
  7796 | D:8      | Found an iron altar of Okawaru.
  7864 | D:8      | Found a sacrificial altar of Ru.
  8164 | D:9      | Reached ** piety under Hepliaklqana
  8188 | D:9      | Found Fuhes's Weapon Shop.
  8209 | D:9      | Remembered your ancestor Loki as a hexer
  8303 | D:9      | Killed an unseen horror
  8323 | D:10     | Entered Level 10 of the Dungeon
  8369 | D:10     | Reached skill level 5 in Short Blades
  8540 | D:10     | Reached XP level 10. HP: 71/75 MP: 10/10
  8940 | D:10     | Noticed Nergalle
  8950 | D:10     | Reached skill level 9 in Shields
  8999 | D:10     | Killed Nergalle
  9013 | D:10     | Reached skill level 5 in Throwing
  9247 | D:10     | Found a roughly hewn altar of Beogh.
  9380 | D:10     | You fall into a shaft and drop 3 floors!
  9385 | D:13     | Reached skill level 1 in Long Blades
  9488 | D:13     | Reached skill level 5 in Dodging
  9488 | D:13     | Reached skill level 10 in Shields
  9593 | D:13     | Noticed a two-headed ogre
  9602 | D:13     | Killed a two-headed ogre
  9602 | D:13     | Reached XP level 11. HP: 78/82 MP: 12/12
  9604 | D:13     | Noticed a two-headed ogre
  9605 | D:13     | Noticed a two-headed ogre
  9607 | D:13     | Noticed an ogre mage
  9612 | D:13     | Killed a two-headed ogre
  9616 | D:13     | Killed a two-headed ogre
  9620 | D:13     | Found a gate to the Vaults.
  9630 | D:13     | Noticed a centaur warrior
  9634 | D:13     | Killed an ogre mage
  9895 | D:13     | Noticed a centaur warrior
  9909 | D:13     | Killed a centaur warrior
  9909 | D:13     | Reached skill level 11 in Shields
 10030 | D:13     | Reached *** piety under Hepliaklqana
 10035 | D:12     | Noticed Frances
 10050 | D:12     | Noticed a soul eater
 10055 | D:12     | Killed Frances
 10493 | D:12     | Noticed Nessos
 10500 | D:12     | Noticed Maurice
 10500 | D:12     | Noticed a deep elf mage
 10500 | D:12     | Noticed a two-headed ogre
 10514 | D:12     | Killed from afar by a deep elf mage

Levels and vault maps discovered:
D:1:      erik_arrival_cave_to_civilisation [erik_arrival_cave_to_temple],
          layout_basic
D:2:      layout_basic, minmay_strange_pillars, grunt_decor_one_mirror
D:3:      layout_loops_corners, overflow_temple_1_default, first_ration
D:4:      layout_cave_pools, lemuel_zombie_altar_kikubaaqudgha, kennysheep_mini,
          xom_teletrap_fun, hex_medium, kennysheep_generic_room_2
D:5:      layout_basic, led_sif_book, vehumet_altar_wand_db,
          minmay_temple_entry_gardened_gates, kennysheep_generic_room_16
D:6:      layout_basic, ebering_ghost_rock_garden, fedhas_altar_decomposition
D:7:      layout_rooms, nicolae_dithmenos_through_a_glass_darkly,
          tso_oasis_becter
D:8:      layout_gridville, overflow_temple_1_default,
          nicolae_ru_the_path_less_chosen, serial_shops, shop,
          blue_anna_alchemist [blue_anna_fruit_fields, blue_anna_fruit_fields]
D:9:      layout_basic, lemuel_crystal_altar, gammafunk_ghost_spectres,
          serial_shops, shop
D:10:     layout_roguey [special_room_orc], david_lair_shrubbed, uniq_nergalle
D:12:     layout_basic, nicolae_alphabet_shops, uniq_nessos, uniq_maurice,
          uniq_frances
D:13:     layout_irregular_city, david_vaults_2, serial_shops,
          nicolae_shop_behind_doors
Temple:   eino_wide_crystal_templ

Skill      XL: |  1  2  3  4  5  6  7  8  9 10 11 |
---------------+----------------------------------+-----
Maces & Flails | 3 4 5 6 7 8 9 |  9.2
Shields        | 4 5 7 8 10 11 | 11.4
Armour         | 4 5 6 7 8 9 |  9.1
Fighting       | 4 5 6 7 8 |  8.3
Dodging        | 1 2 3 4 5 6 |  6.0
Throwing       | 1 2 4 5 |  5.9
Short Blades   | 3 5 6 |  6.5
Invocations    | 1 2 3 4 |  4.5
Long Blades    | 2 3 |  3.6
Stealth        | |  0.4
Evocations     | |  0.6

Action                   |  1- 3 |  4- 6 |  7- 9 | 10-12 || total
-------------------------+-------+-------+-------+-------++-------
Melee: Flail             |    86 |   165 |    50 |       ||   301
       Headbutt          |    14 |    31 |    46 |    61 ||   152
       Whip              |       |       |    42 |       ||    42
       Rapier            |       |       |   183 |   249 ||   432
       Long sword        |       |       |    21 |       ||    21
       Scimitar          |       |       |       |    10 ||    10
Throw: Boomerang         |    10 |    22 |     9 |    13 ||    54
Invok: Ancestor Identity |       |       |     1 |       ||     1
       Ancestor Life: He |       |       |     1 |       ||     1
       Recall Ancestor   |       |       |       |     1 ||     1
Evoke: Wand              |       |     1 |     3 |     6 ||    10
  Use: Scroll            |       |       |    18 |     8 ||    26
       Potion            |       |       |     4 |     3 ||     7
 Stab: Confused          |       |       |       |     1 ||     1
  Eat: Chunk             |       |     8 |     9 |     1 ||    18
       Ration            |       |       |     3 |     2 ||     5
Armor: Scale mail        |    28 |       |       |       ||    28
       Chain mail        |     6 |    89 |   121 |       ||   216
       Plate armour      |       |       |     2 |    86 ||    88
Dodge: Dodged            |    23 |    41 |    33 |    44 ||   141
Block: Shield            |    52 |   106 |    26 |       ||   184
       Large shield      |       |       |   235 |   271 ||   506
